 Dungeon Crawl Stone Soup version 0.29.1-12-g30fa7ad0bf (webtiles) character file.

Game seed: 14226616972166910259

30 BiteMe the Firebug (level 2, -4/20 HPs)
             Began as a Demigod Fire Elementalist on Dec 25, 2022.
             Killed from afar by Sigmund (6 damage)
             ... with a magic dart
             ... on level 2 of the Dungeon on Dec 30, 2022.
             The game lasted 00:14:22 (2045 turns).

BiteMe the Firebug (Demigod Fire Elementalist)      Turns: 2045, Time: 00:14:23

Health: -4/20      AC:  2    Str:  9    XL:     2   Next: 84%
Magic:  7/7        EV: 12    Int: 17    God:
Gold:   4          SH:  0    Dex: 20    Spells: 2/5 levels left

rFire   . . .      SeeInvis .   m - +0 dagger
rCold   . . .      Faith    .   (no shield)
rNeg    . . .      Spirit   .   a - +0 robe
rPois   .          Reflect  .   (no helmet)
rElec   .          Harm     .   (no cloak)
rCorr   .          Rampage  .   (no gloves)
Will    .....                   (no boots)
Stlth   ++........              (no amulet)
HPRegen 0.06/turn               g - +6 ring of dexterity
MPRegen 0.10/turn               (no ring)

@: mighty, flying, hasted, very quick
A: high MP 1, forlorn, divine attributes
a: no special abilities


You were on level 2 of the Dungeon.
You visited 1 branch of the dungeon, and saw 2 of its levels.

You collected 56 gold pieces.
You spent 52 gold pieces at shops.

Inventory:

Hand Weapons
 f - a +0 club
 m - a +0 dagger (weapon)
Armour
 a - a +0 robe (worn)
 e - a +0 ring mail
Jewellery
 g - a +6 ring of dexterity (left hand)


   Skills:
 - Level 0.1 Fighting
 - Level 1.9 Dodging
 - Level 1.7 Stealth
 * Level 2.3 Spellcasting
 + Level 1.2 Conjurations
 + Level 3.1 Fire Magic


You had 2 spell levels left.
You knew the following spells:

 Your Spells              Type           Power      Damage    Failure   Level
a - Foxfire               Conj/Fire      36%        2x1d5     8%          1
b - Scorch                Fire           24%        2d6       8%          2

Your spell library contained the following spells:

 Spells                   Type           Power      Damage    Failure   Level
 Conjure Flame            Conj/Fire      9%         6-21      22%         3
 Inner Flame              Hex/Fire       7%         N/A       30%         3
 Flame Wave               Conj/Fire      9%         2d6       58%         4


Dungeon Overview and Level Annotations

Branches:
Dungeon (2/15)

Shops:
D:2 ?

Annotations:
D:2 Sigmund


Innate Abilities, Weirdness & Mutations

You have an increased reservoir of magic. (+10% MP)
You shall have no god before yourself.
Your divine heritage dramatically boosts your attributes as you level up.


Message History

You hear a zap.
The roots erupt in riotous growth!
The grasping roots grab you!
You are constricted!
Casting: Foxfire (safe; 8% risk of failure)
Press: ? - help, Q - select action, (/) - cycle Dir - look around, f - activate You conjure some foxfire!
You are constricted.
The foxfire hits something. x2; You are constricted!
* * * LOW HITPOINT WARNING * * *
The grasping roots release their grip on you.
You feel better. Something hits you.
You feel yourself speed up.
You hear some strange, mumbled words.
A puff of flame appears from out of thin air!
The puff of flame misses you.
There is a strange disturbance nearby!
A magic dart appears from out of thin air!
The magic dart hits you.
* * * LOW HITPOINT WARNING * * *
Casting: Foxfire (safe; 8% risk of failure)
Press: ? - help, Q - select action, (/) - cycle Dir - look around, f - activate You conjure some foxfire!
Magic courses through your body.
The foxfire hits something.
The foxfire hits something but does no damage.
You hear a zap.
The roots erupt in riotous growth!
The grasping roots grab you!
You are constricted.
* * * LOW HITPOINT WARNING * * *
You escape the roots grasp.
It was a potion of might.
You feel very mighty all of a sudden.
It was a potion of flight.
You feel very buoyant.
You fly up into the air.
Something tries to affect you, but you resist.
A magic dart appears from out of thin air!
The magic dart hits you.
You die...

### #.. #.#
#.# #@# #.#
#.# #.# #.#
#.# ##.##
########{..#
#........#.#


There were no monsters in sight!

Vanquished Creatures
  A dart slug (D:1)
  5 endoplasms (D:1)
  3 giant cockroaches (D:1)
  2 goblins (D:1)
  2 hobgoblins
  2 jackals (D:1)
  2 ball pythons (D:1)
  2 bats
  A frilled lizard (D:1)
  3 kobolds
  A rat (D:1)
24 creatures vanquished.

Vanquished Creatures (others)
  87 foxfires
87 creatures vanquished.

Grand Total: 111 creatures vanquished

Notes
Turn   | Place    | Note
-------+----------+-------------------------------------------
     0 | D:1      | BiteMe the Demigod Fire Elementalist began the quest for
                  | the Orb.
     0 | D:1      | Reached XP level 1. HP: 14/14 MP: 5/5
   555 | D:1      | Reached XP level 2. HP: 20/20 MP: 5/7
   862 | D:1      | Reached skill level 3 in Fire Magic
  1092 | D:1      | Reached skill level 1 in Conjurations
  1761 | D:2      | Learned a level 2 spell: Scorch
  1818 | D:2      | Found Kihaip's Magic Scroll Emporium.
  1828 | D:2      | Bought a scroll of identify for 26 gold pieces
  1833 | D:2      | Bought a scroll of identify for 26 gold pieces
  2003 | D:2      | Noticed Sigmund
  2036 | D:2      | HP: 1/20 [something (4)]
  2045 | D:2      | Killed from afar by Sigmund

Illustrated notes

Levels and vault maps discovered:
D:1:      lightli_arrival_statuegarden, layout_basic
D:2:      layout_loops_ring, serial_shops, shop, uniq_sigmund

Skill      XL: |  1  2 |
---------------+-------+-----
Spellcasting   | 2 |  2.3
Fire Magic     | 3 |  3.1
Conjurations   | 1 |  1.2
Fighting       | |  0.1
Dodging        | |  1.9
Stealth        | |  1.7

Action                   || total
-------------------------++-------
 Cast: Foxfire           ||    51
       Scorch            ||     3
  Use: Potion            ||     5
       Scroll            ||     3
Dodge: Dodged            ||    11
